 Dungeon Crawl Stone Soup version 0.25-a0-890-g62861fb (webtiles) character file.

Game seed: 7836278213075717498, levelgen mode: deterministic

255 Faca the Skirmisher (level 5, -5/50 HPs)
             Began as a Draconian Berserker on May 5, 2020.
             Was a Priest of Trog.
             Slain by an orc
             ... wielding a +0 morningstar
              (6 damage)
             ... on level 3 of the Dungeon.
             The game lasted 00:04:44 (3648 turns).

Faca the Skirmisher (Draconian Berserker)           Turns: 3648, Time: 00:04:44

Health: -5/50      AC:  5    Str: 21    XL:     5   Next: 91%
Magic:  5/5        EV: 12    Int:  7    God:    Trog [***...]
Gold:   133        SH:  0    Dex: 10    Spells: 4/4 levels left

rFire    . . .     SeeInvis .   a - +1 falchion
rCold    . . .     Gourm    .   (no shield)
rNeg     . . .     Faith    .   (armour unavailable)
rPois    .         Spirit   .   (helmet restricted)
rElec    .         Reflect  .   (no cloak)
rCorr    .         Harm     .   (no gloves)
MR       .....                  (no boots)
Stlth    +.........             (no amulet)
HPRegen  0.16/turn              (no ring)
MPRegen  0.09/turn              (no ring)

@: no status effects
A: unfitting armour, cold-blooded, AC +5
a: Berserk, Trog's Hand, Renounce Religion


You were on level 3 of the Dungeon.
You worshipped Trog.
Trog was most pleased with you.
You were not hungry.

You visited 1 branch of the dungeon, and saw 4 of its levels.

You collected 133 gold pieces.

Inventory:

Hand Weapons
 a - a +1 falchion (weapon)
 g - a +1 dagger of draining
Missiles
 c - 6 boomerangs (quivered)
Scrolls
 e - 3 scrolls of remove curse
Potions
 f - a potion of curing {unknown}
 h - 2 potions of might
 i - a potion of berserk rage
 o - a potion of degeneration {unknown}
Comestibles
 b - 4 rations
 m - a chunk of flesh


   Skills:
 + Level 5.6 Fighting
 + Level 5.1 Long Blades
 - Level 2.6 Dodging


You had 4 spell levels left.
You didn't know any spells.
Your spell library was empty.

Dungeon Overview and Level Annotations

Branches:
Dungeon (4/15)
 Temple: D:4-7

Altars:
Ashenzari
Okawaru


Innate Abilities, Weirdness & Mutations

Your plain brown scales are hard. (AC +5)
You cannot fit into any form of body armour.
You are cold-blooded and may be slowed by cold attacks.


Message History

The orc hits you but does no damage.
The orc wizard hits you but does no damage.
The orc wizard points at you and mumbles some strange words.
The magic dart hits you!
* * * LOW HITPOINT WARNING * * *
The orc wizard gestures at you while chanting.
The magic dart hits you.
* * * LOW HITPOINT WARNING * * *
There is a stone staircase leading up here.
The orc wizard casts a spell at you. The puff of frost hits you!
* * * LOW HITPOINT WARNING * * *
The orc closely misses you.
You climb upwards.
There is a stone staircase leading down here.
You closely miss the orc wizard.
The orc wizard is almost dead.
The orc wizard hits you but does no damage.
The orc hits you with a +0 morningstar.
You die...

(........#.####..#.#.............
.........#.......#.#(############
.........######..#.#รท#
...#'##### #..#.#.#
...#.##########..#.#.#
####.............#.#.#
#...............#.#
##..........#.o.#.# ######
################@#.#.#######.....
................o....#.....'.....
.###############.#.###.#####.....
.# #.#.#.#.#..<#.#### .#
####.#.#.#.#.<.)..... '###
#......#.......#.#### ...#
#......#######.#)### ...#
#.....).......(#)..# ...#
#.....########...#.#


You could see an orc wizard and an orc.

Vanquished Creatures
  2 orc wizards (D:3)
  An orc priest (D:3)
  2 adders (D:2)
  4 gnolls (D:3)
  An ooze (D:1)
  5 worms
  A leopard gecko (D:1)
  10 orcs (D:3)
  2 ball pythons
  A giant cockroach (D:3)
  7 goblins
  9 hobgoblins
  15 jackals
  A quokka (D:2)
  5 bats (D:1)
  2 frilled lizards
  8 kobolds
  7 rats
83 creatures vanquished.

Notes
Turn   | Place    | Note
-------+----------+-------------------------------------------
     0 | D:1      | Faca the Draconian Berserker began the quest for the Orb.
     0 | D:1      | Reached XP level 1. HP: 19/19 MP: 1/1
    30 | D:1      | Reached XP level 2. HP: 13/26 MP: 2/2
   524 | D:1      | Reached XP level 3. HP: 32/33 MP: 3/3
   563 | D:1      | Reached ** piety under Trog
  1489 | D:2      | Reached XP level 4. HP: 30/41 MP: 4/4
  2056 | D:2      | Found a shattered altar of Ashenzari.
  2060 | D:2      | Saw a vision of the Shoals and the Spider Nest.
  2060 | D:2      | Noticed a wolf spider
  2060 | D:2      | Noticed a redback
  2060 | D:2      | Noticed a redback
  2060 | D:2      | Noticed a wolf spider
  2060 | D:2      | Noticed a redback
  2060 | D:2      | Noticed a wolf spider
  2060 | D:2      | Noticed a merfolk
  2060 | D:2      | Noticed a sea snake
  2060 | D:2      | Noticed a hippogriff
  2061 | D:2      | Noticed a redback
  2307 | D:3      | Reached skill level 5 in Fighting
  2307 | D:3      | Reached XP level 5. HP: 43/48 MP: 5/5
  2966 | D:3      | Reached *** piety under Trog
  2974 | D:3      | Reached skill level 5 in Long Blades
  3627 | D:4      | Found an iron altar of Okawaru.
  3636 | D:4      | Noticed an orc warrior
  3646 | D:4      | HP: 1/50 [orc wizard/puff of frost (10)]
  3648 | D:3      | Slain by an orc

Levels and vault maps discovered:
D:1:      roderic_crop_circles_arrival_small, layout_loops_ring
D:2:      layout_rooms, grunt_ashenzari_visionary
          [grunt_ashenzari_visionary_shoals, grunt_ashenzari_visionary_spider]
D:3:      layout_basic, first_ration
D:4:      layout_cave_pools, okawaru_trees_2, fedhas_altar_3

Skill      XL: |  1  2  3  4  5 |
---------------+----------------+-----
Fighting       | 4 5 |  5.6
Long Blades    | 4 5 |  5.1
Dodging        | |  2.6

Action                   |  1- 3 |  4- 6 || total
-------------------------+-------+-------++-------
Melee: Falchion          |   139 |   152 ||   291
       Tailslap          |    14 |    22 ||    36
Invok: Berserk           |       |     2 ||     2
  Use: Scroll            |     5 |     8 ||    13
 Stab: Sleeping          |     1 |       ||     1
  Eat: Chunk             |     2 |     9 ||    11
Armor: Skin              |    45 |    41 ||    86
Dodge: Dodged            |    73 |    69 ||   142
       Rpst.: Falchion   |    22 |    12 ||    34

Table legend:
 A = Non-vault XP
 B = Vault XP
 C = Vault XP percentage of total XP
 D = Non-vault monster count
 E = Vault monster count
 F = Vault count percentage of total count
                 A         B        C        D         E       F
            +---------+---------+-------+---------+---------+-------
      Total |     365 |       0 |   0.0 |      83 |       0 |   0.0
            +---------+---------+-------+---------+---------+-------
        D:1 |      53 |       0 |   0.0 |      28 |       0 |   0.0
        D:2 |      71 |       0 |   0.0 |      23 |       0 |   0.0
        D:3 |     241 |       0 |   0.0 |      32 |       0 |   0.0
            +---------+---------+-------+---------+---------+-------
